 Dungeon Sprint DCSS version 0.27-a0-1137-g3ef0f4ec91 (webtiles) character file.

Game seed: 8413482788289447907

992 mhtbhm the Thaumaturge (level 7, -5/38 HPs)
             Began as a Deep Elf Fire Elementalist on May 6, 2021.
             Was a High Priest of Vehumet.
             Engulfed by a fire crab's flame (26 damage)
             ... in the Dungeon (Sprint VII: "The Pits").
             The game lasted 00:04:22 (1595 turns).

mhtbhm the Thaumaturge (Deep Elf Fire Elementalist) Turns: 1595, Time: 00:04:22

Health: -5/38      AC:  2    Str:  5    XL:     7   Next: 98%
Magic:  17/24      EV: 15    Int: 22    God:    Vehumet [*****.]
Gold:   0          SH:  0    Dex: 15    Spells: 14/30 levels left

rFire    . . .     SeeInvis .   a - +2 quarterstaff (speed)
rCold    . . .     Faith    .   (shield currently unavailable)
rNeg     . . .     Spirit   .   l - +0 robe
rPois    .         Reflect  .   (no helmet)
rElec    .         Harm     .   (no cloak)
rCorr    .         Rampage  .   (no gloves)
Will     .....     NoTele   +   (no boots)
Stlth    ++........             (no amulet)
HPRegen  0.12/turn              (no ring)
MPRegen  0.19/turn              (no ring)

@: no status effects
A: no striking features
a: Renounce Religion


You were in the Dungeon.
You worshipped Vehumet.
Vehumet was extremely pleased with you.
You visited 1 branch

Inventory:

Hand Weapons
 a - a +2 quarterstaff of speed (weapon)
 k - a +2 quarterstaff
Armour
 l - a +0 robe (worn)
Wands
 m - a wand of flame (11)
 n - a wand of digging (4)
Scrolls
 h - a scroll of blinking
 i - 5 scrolls of amnesia
Potions
 b - 2 potions of invisibility
 c - 6 potions of curing
 d - a potion of heal wounds
 e - a potion of haste
 f - 4 potions of magic
 g - 2 potions of berserk rage


   Skills:
 - Level 1.1 Fighting
 - Level 0.3 Staves
 + Level 7.4 Dodging
 - Level 2.9 Stealth
 + Level 12.4 Spellcasting
 + Level 8.5 Conjurations
 + Level 12.0 Fire Magic


You had 14 spell levels left.
You knew the following spells:

 Your Spells              Type           Power      Damage    Failure   Level
a - Foxfire               Conj/Fire      100%       2x1d9     1%          1
b - Conjure Flame         Conj/Fire      56%        6-21      1%          3
c - Inner Flame           Hex/Fire       40%        N/A       1%          3
d - Sticky Flame          Conj/Fire      56%        2d7       1%          4
e - Fireball              Conj/Fire      28%        3d12      1%          5

Your spell library contained the following spells:

 Spells                   Type           Power      Damage    Failure   Level
 Starburst                Conj/Fire      28%        8x6d9     3%          6


Dungeon Overview and Level Annotations

Branches:
Dungeon (1/1)

Altars:
Ashenzari
Cheibriados
Dithmenos
Elyvilon
Fedhas
Gozag
Hepliaklqana
Kikubaaqudgha
Makhleb
Nemelex Xobeh
Okawaru
Qazlal
Ru
Sif Muna
Trog
Uskayaw
Vehumet
Wu Jian
Xom
Yredelemnul
Zin
The Shining One
Beogh
Jiyva
Lugonu


Message History

You can't see any susceptible monsters within range! (Use Z to cast anyway.) Unknown command.
Unknown command.
Unknown command.
Okay, then.
Okay, then.
As you read the scroll of summoning, it crumbles to dust.
Wisps of shadow whirl around you... The fire crab bites you.
You are engulfed in flames!
The fire crab closely misses you.
Unknown command.
You hit the fire crab.
The fire crab is lightly wounded.
The fire crab breathes flames at you. The blast of flame misses you.
Unknown command.
Unknown command.
You feel much better.
You are engulfed in blazing flames.
Your small abomination is engulfed in blazing flames.
Your small abomination hits Psyche!!
Psyche is engulfed in blazing flames.
Psyche gestures wildly while chanting.
A swirling arc of seething chaos appears!
The arc of chaos hits your small abomination but does no damage.
You hear a sizzling sound!
The arc of chaos hits the fire crab.
The fire crab breathes flames at you. The blast of flame misses you.
Your small abomination hits Psyche but does no damage.
Unknown command.
Unknown command.
You feel much better.
You are engulfed in blazing flames.
Psyche is engulfed in blazing flames.
Psyche dies!
The fire crab bites you!
You are engulfed in flames!
* * * LOW HITPOINT WARNING * * *
The fire crab closely misses you.
Your small abomination hits the fire crab!
Your Fire Magic skill increases to level 12!
You feel much better.
You are engulfed in blazing flames.
Ouch! That really hurt!
You die...

#.#..########...<...#
#.#..'[))).##.......#
#)#..#[).).##.......#
#'###########.......#
#.......#.. #########
#..#.#..#.# ###
#.##.##.#°# ...#
#.......#°#x...#
#.##.##.#@t°...+
#..#.#..#°#°...#
#.....÷.°°# ...#
########### ###


You could see a fire crab (drained, ally target) and a friendly small
abomination (summoned).

Vanquished Creatures
  A flying skull (D)
  A wraith (D)
  2 water moccasins (D)
  A floating eye (D)
  A bullfrog (D)
  A gnoll sergeant (D)
  Ijyb (D)
  Jessica (D)
  An orc wizard (D)
  7 gnolls (D)
  An ufetubus (D)
  An adder skeleton (D)
  A worm (D)
  2 orcs (D)
  An endoplasm (D)
  A goblin (D)
  A jackal (D)
  A quokka (D)
  A bat (D)
  A frilled lizard (D)
  A rat (D)
29 creatures vanquished.

Vanquished Creatures (others)
  Psyche (D)
  57 foxfires (D)
58 creatures vanquished.

Grand Total: 87 creatures vanquished

Notes
Turn   | Place    | Note
-------+----------+-------------------------------------------
     0 | D        | mhtbhm the Deep Elf Fire Elementalist began the quest for
                  | the Orb.
     0 | D        | Reached XP level 1. HP: 10/10 MP: 6/6
    22 | D        | Found a bloodstained altar of Trog.
    22 | D        | Found a shimmering blue altar of Sif Muna.
    22 | D        | Found a viscous altar of Jiyva.
    22 | D        | Found a hazy altar of Hepliaklqana.
    22 | D        | Found an opulent altar of Gozag.
    23 | D        | Found a glowing golden altar of the Shining One.
    23 | D        | Found a glowing silver altar of Zin.
    23 | D        | Found a basalt altar of Yredelemnul.
    23 | D        | Found a shimmering altar of Xom.
    23 | D        | Found an ornate altar of the Wu Jian Council.
    23 | D        | Found a sacrificial altar of Ru.
    23 | D        | Found a stormy altar of Qazlal.
    23 | D        | Found an iron altar of Okawaru.
    23 | D        | Found a sparkling altar of Nemelex Xobeh.
    23 | D        | Found a burning altar of Makhleb.
    23 | D        | Found a blossoming altar of Fedhas.
    23 | D        | Found a white marble altar of Elyvilon.
    23 | D        | Found a shadowy altar of Dithmenos.
    23 | D        | Found a snail-covered altar of Cheibriados.
    25 | D        | Found a radiant altar of Vehumet.
    25 | D        | Found a corrupted altar of Lugonu.
    26 | D        | Found a hide-covered altar of Uskayaw.
    26 | D        | Found an ancient bone altar of Kikubaaqudgha.
    26 | D        | Found a broken altar of Ashenzari.
    35 | D        | Became a worshipper of Vehumet
    85 | D        | Reached skill level 5 in Fire Magic
    85 | D        | Reached XP level 2. HP: 12/15 MP: 1/9
   216 | D        | Reached * piety under Vehumet
   216 | D        | Offered knowledge of Sandblast by Vehumet.
   405 | D        | Noticed a floating eye
   408 | D        | Reached ** piety under Vehumet
   408 | D        | Offered knowledge of Static Discharge by Vehumet.
   409 | D        | Paralysed by a floating eye for 3 turns
   410 | D        | Killed a floating eye
   411 | D        | Reached XP level 3. HP: 20/20 MP: 8/13
   411 | D        | Reached XP level 4. HP: 24/24 MP: 9/15
   615 | D        | Learned a level 3 spell: Conjure Flame
   619 | D        | Learned a level 3 spell: Inner Flame
   624 | D        | Learned a level 4 spell: Sticky Flame
   696 | D        | Noticed a gnoll sergeant
   697 | D        | Noticed a bullfrog
   703 | D        | Offered knowledge of Searing Ray by Vehumet.
   704 | D        | Reached skill level 5 in Dodging
   704 | D        | Reached XP level 5. HP: 28/28 MP: 16/16
   704 | D        | Reached *** piety under Vehumet
   728 | D        | Reached **** piety under Vehumet
   761 | D        | Reached skill level 1 in Fighting
   786 | D        | Learned a level 5 spell: Fireball
   800 | D        | Reached skill level 5 in Conjurations
   800 | D        | Reached skill level 10 in Fire Magic
   800 | D        | Reached XP level 6. HP: 30/34 MP: 8/20
   898 | D        | Offered knowledge of Iskenderun's Mystic Blast by Vehumet.
   898 | D        | Reached ***** piety under Vehumet
   910 | D        | Noticed Ijyb
   914 | D        | Killed Ijyb
   965 | D        | Reached skill level 10 in Spellcasting
  1168 | D        | Noticed a water moccasin
  1173 | D        | Killed a water moccasin
  1173 | D        | Offered knowledge of Lightning Bolt by Vehumet.
  1217 | D        | Noticed a wraith
  1230 | D        | Killed a wraith
  1231 | D        | Reached XP level 7. HP: 27/38 MP: 2/23
  1472 | D        | Noticed a flying skull
  1472 | D        | Noticed Jessica
  1473 | D        | Offered knowledge of Starburst by Vehumet.
  1479 | D        | Killed a flying skull
  1480 | D        | Killed Jessica
  1588 | D        | Noticed Psyche
  1588 | D        | Noticed a fire crab
  1594 | D        | Killed Psyche
  1595 | D        | Engulfed by a fire crab's flame

Illustrated notes

Levels and vault maps discovered:
D:        pitsprint [storerooms_1, entrance_room_1, metal_vault_4, armoury_1,
          mini_pit_1, grid_room_1, main_hall_1, silver_pit, the_coven_1,
          the_vestibule_1, steel_vault_4, golden_pit, hallway_of_sentries,
          crystal_vault_4, iron_vault_1, final_vault]

Skill      XL: |  1  2  3  4  5  6  7 |
---------------+----------------------+-----
Fire Magic     | 5 8 10 11 12 | 12.0
Dodging        | 3 4 5 6 7 |  7.4
Spellcasting   | 4 7 9 11 12 | 12.4
Conjurations   | 3 5 7 8 |  8.5
Fighting       | 1 |  1.1
Staves         | |  0.3
Stealth        | |  2.9

Action                   |  1- 3 |  4- 6 |  7- 9 || total
-------------------------+-------+-------+-------++-------
Melee: Quarterstaff      |     2 |    11 |     7 ||    20
 Cast: Foxfire           |    21 |    21 |       ||    42
       Fireball          |       |     8 |     2 ||    10
       Sticky Flame      |       |     8 |     6 ||    14
  Use: Potion            |       |     3 |     3 ||     6
       Scroll            |       |       |     1 ||     1
Armor: Robe              |       |     2 |     1 ||     3
Dodge: Dodged            |     5 |    17 |     9 ||    31

Table legend: (Time is in decaauts)
 A = Elapsed time spent in this place.
 B = Non-inter-level travel time spent in this place.
 C = Inter-level travel time spent in this place.
 D = Time resting spent in this place.
 E = Time spent auto-exploring this place.
 F = Levels seen in this place.
 G = Mean time per level.
                   A        B        C        D        E       F      G
               +--------+--------+--------+--------+--------+-----+--------+
         Total |   1620 |   1620 |      0 |   1214 |      0 |   1 | 1620.0 |
       Dungeon |   1620 |   1620 |      0 |   1214 |      0 |   1 | 1620.0 |
               +--------+--------+--------+--------+--------+-----+--------+

Top non-repeatable levels by time:
       D: 1620 daAuts
